 Dungeon Crawl Stone Soup version 0.31.0-2-g5a2aebc5c2 (console) character file.

Game seed: 2500826880247135764

420 jejorda2 the Changeling (level 6, -3/51 HPs)
             Began as a Draconian Berserker on Jan 21, 2024.
             Was a Priest of Trog.
             Engulfed by a cloud of freezing vapour (13 damage)
             ... on level 5 of the Dungeon.
             The game lasted 00:05:59 (3683 turns).

jejorda2 the Changeling (Draconian Berserker)       Turns: 3683, Time: 00:06:00

Health: -3/51      AC:  6    Str: 21    XL:     6   Next: 62%
Magic:  6/6        EV: 12    Int:  7    God:    Trog [***...]
Gold:   174        SH:  0    Dex: 11    Spells: 5/5 levels left

rFire   x .          .
                       - Unarmed
rCold   + . .        (no shield)
rNeg    . . .        (body armour unavailable)
rPois   .            (helmet currently unavailable)
rElec   .            (cloak currently unavailable)
rCorr   .            (gloves currently unavailable)
SInv    .            (boots currently unavailable)
Will    .....        (no amulet)
Stlth   +            t - ring of ice
HPRegen 0.28/turn    (no ring)
MPRegen 0.10/turn

%: no passive effects
@: beast-form
A: beast (slay +2), AC +6, unfitting armour, cold-blooded
a: Begin Untransformation, Renounce Religion, Berserk, Trog's Hand


You were on level 5 of the Dungeon.
You worshipped Trog.
Trog was most pleased with you.
You were a hulking beast.
You visited 1 branch of the dungeon, and saw 5 of its levels.

You collected 174 gold pieces.

Inventory:

Hand Weapons
 q - a +2 quarterstaff of chaos
Missiles
 e - 60 stones (quivered)
 p - 14 poisoned darts
 s - a boomerang
Armour
 f - a +0 cloak
Jewellery
 k - a ring of fire
 t - a ring of ice (left hand)
Talismans
 a - a beast talisman (active)
Scrolls
 b - 2 scrolls of amnesia {unknown}
 d - a scroll of enchant weapon {unknown}
 h - 4 scrolls of identify {unknown}
 i - 2 scrolls of blinking {unknown}
 j - 2 scrolls of teleportation {unknown}
Potions
 c - a potion of ambrosia {unknown}
 g - 2 potions of haste {unknown}
 l - a potion of enlightenment {unknown}
 m - 3 potions of cancellation {unknown}
 n - a potion of mutation {unknown}
 o - a potion of lignification {unknown}
 r - a potion of curing {unknown}


   Skills:
 - Level 3.2 Fighting
 - Level 2.6 Dodging
 + Level 5.0 Unarmed Combat
 * Level 5.0 Shapeshifting


You had 5 spell levels left.
You didn't know any spells.
Your spell library was empty.

Dungeon Overview and Level Annotations

Branches:
Dungeon (5/15)             Temple (0/1) D:4

Altars:
Ashenzari
Nemelex Xobeh
Xom
Zin


Innate Abilities, Weirdness & Mutations

You are a hulking beast.
Your limbs bulge with bestial killing power. (Slay +2)
Your plain brown scales are hard. (AC +6)
You cannot fit into any form of body armour.
You are cold-blooded and may be slowed by cold attacks.


Message History

You open the door. You open the door.
There is an open door here.
Done exploring.
Done exploring.
(D) Dungeon (T) Temple
Where to? (Tab/Enter - D:5, ? - help)
There is a stone staircase leading up here.
You climb upwards.
There is a stone staircase leading down here.
You see here a +0 club.
There is a stone staircase leading down here.
You climb downwards.
Found a ring mail.
There is a stone staircase leading up here.
You climb upwards.
There is a stone staircase leading down here.
There is a stone staircase leading down here.
You climb downwards.
Found a book of Fire, a scroll labelled FAJEODD PAAQO, 4 stones and a robe.
Found a stone staircase leading down.
There is a stone staircase leading up here.
Found a scroll labelled HAUC UXTEKA.
Found a chain mail.
There is a stone staircase leading down here.
You feel more attuned to ice.
t - a ring of ice (left hand) As you open the door, it creaks loudly!
There is an open door here.
Really walk into a travel-excluded area? [Y]es or [N]o only, please.
Really walk into a travel-excluded area?
You are engulfed in freezing vapours.
You resist.
You are engulfed in freezing vapours.
You resist.
You are engulfed in freezing vapours.
You resist.
You are engulfed in freezing vapours.
You resist.
You are engulfed in freezing vapours.
You resist.
* * * LOW HITPOINT WARNING * * *
You are engulfed in freezing vapours.
You resist.
You die...

## ##≈ ##≈≈ #≈~~ ####≈~.
##################......
##################'##.>.
#.§§§§§h§§..........#...
#§###################...
#.......§§§§§§§[?[(?#.:.
########################
######################


There were no monsters in sight!

Vanquished Creatures
  A scorpion (D:3)
  4 crimson imps (D:3)
  A hound (D:4)
  Crazy Yiuf (D:2)
  3 gnolls (D:4)
  5 adders
  2 dart slugs
  3 orcs
  9 ball pythons
  7 endoplasms
  3 giant cockroaches
  7 hobgoblins
  7 jackals
  4 kobolds
  3 quokkas
  7 bats
  6 frilled lizards
  8 goblins
  4 rats
85 creatures vanquished.

Notes
Turn   | Place    | Note
-------+----------+-------------------------------------------
     0 | D:1      | jejorda2 the Draconian Berserker began the quest for the
                  | Orb.
     0 | D:1      | Reached XP level 1. HP: 19/19 MP: 1/1
    95 | D:1      | Reached skill level 1 in Shapeshifting
   166 | D:1      | Reached XP level 2. HP: 26/26 MP: 2/2
   308 | D:1      | Reached ** piety under Trog
   344 | D:1      | Found a faded altar of an unknown god.
   560 | D:1      | Reached XP level 3. HP: 26/31 MP: 3/3
   867 | D:2      | Found a runed translucent door.
   868 | D:2      | Noticed Crazy Yiuf
   963 | D:2      | Killed Crazy Yiuf
  1203 | D:2      | Reached XP level 4. HP: 31/38 MP: 4/4
  2103 | D:3      | Found a shimmering altar of Xom.
  2114 | D:3      | Reached XP level 5. HP: 45/45 MP: 5/5
  2150 | D:3      | Found a glowing silver altar of Zin.
  2244 | D:3      | Found a sparkling altar of Nemelex Xobeh.
  2247 | D:3      | Reached XP level 6. HP: 48/51 MP: 6/6
  3085 | D:4      | Reached *** piety under Trog
  3158 | D:4      | Found a broken altar of Ashenzari.
  3265 | D:4      | Found a staircase to the Ecumenical Temple.
  3356 | D:4      | Reached skill level 5 in Shapeshifting
  3361 | D:4      | Reached skill level 5 in Unarmed Combat
  3531 | D:5      | Entered Level 5 of the Dungeon
  3683 | D:5      | Engulfed by a cloud of freezing vapour

Illustrated notes

Levels and vault maps discovered:
D:1:      saegor_arrival_under_anarchy, layout_basic,
          ebering_ecumenical_altar_webs
D:2:      layout_loops_corners, serial_park_tiny_1, uniq_crazy_yiuf_cottage
D:3:      layout_loops_ring, zin_academy, led_xom_imps,
          nemelex_diamond_rough_becter, hex_medium, dreamdust_princess_corridor
D:4:      layout_rooms, old_standard_altar, minmay_temple_entry_enclosed_plants,
          kennysheep_generic_room_12
D:5:      lemuel_ice_spiral_2, layout_basic, mainiacjoe_overflow_brackets,
          serial_shops, nicolae_shop_overgrown_old_shop,
          kennysheep_opposing_triangles

Skill      XL: |  1  2  3  4  5  6 |
---------------+-------------------+-----
Shapeshifting  | 1 2 3 4 5 |  5.0
Unarmed Combat | 4 5 |  5.0
Fighting       | |  3.2
Dodging        | |  2.6

Action                     |  1- 3 |  4- 6 || total
---------------------------+-------+-------++-------
  Melee: Unarmed           |    98 |   142 ||   240
         Tailslap          |    12 |    16 ||    28
         Punch             |     2 |     3 ||     5
  Throw: Stone             |       |     2 ||     2
 Invoke: Berserk           |     1 |     2 ||     3
 Armour: Skin              |    48 |    81 ||   129
  Dodge: Dodged            |    60 |    85 ||   145
   Form: Beast             |     1 |       ||     1
